 Dungeon Crawl Stone Soup version 0.31.0-32-g396128a36d (webtiles) character file.

Game seed: 578416330179703885

724 lonewolfV2 the Chopper (level 8, -4/97 HPs)
             Began as a Formicid Fighter on Mar 11, 2024.
             Killed from afar by an orc wizard (6 damage)
             ... with a puff of flame
             ... on level 5 of the Dungeon.
             The game lasted 00:09:01 (4620 turns).

lonewolfV2 the Chopper (Formicid Fighter)           Turns: 4620, Time: 00:09:03

Health: -4/97      AC: 28    Str: 22    XL:     8   Next: 2%
Magic:  8/8        EV:  2    Int:  7    God:
Gold:   167        SH:  5    Dex: 15    Spells: 7/7 levels left

rFire   . . .        a - +0 war axe
rCold   . . .        c - +0 buckler
rNeg    . . .        m - melded +0 plate armour
rPois   +            (helmet unavailable)
rElec   .            (cloak currently unavailable)
rCorr   .            d - melded +0 pair of gloves
SInv    .            f - melded +0 pair of boots
Will    .....        (no amulet)
Stlth   +            n - +4 ring of protection
HPRegen 0.36/turn    (no ring)
MPRegen 0.11/turn

%: no passive effects
@: mighty, tree-form
A: stationary, stasis, torment immunity, boosted hp, permanent stasis, dig
shafts and tunnels, (antennae 3), four strong arms
a: no special abilities


You were on level 5 of the Dungeon.
You were a tree.
You visited 1 branch of the dungeon, and saw 5 of its levels.

You collected 167 gold pieces.

Inventory:

Hand Weapons
 a - a +0 war axe (weapon)
Armour
 c - a +0 buckler (worn)
 d - a +0 pair of gloves (melded)
 f - a +0 pair of boots (melded)
 m - a +0 plate armour (melded)
Jewellery
 n - a +4 ring of protection (left branch)
Scrolls
 g - a scroll of teleportation
 i - a scroll of enchant weapon
 s - a scroll of immolation
Potions
 b - a potion of haste {unknown}
 h - a potion of resistance
 j - 2 potions of degeneration
 q - 2 potions of heal wounds {unknown}
 r - a potion of cancellation {unknown}


   Skills:
 + Level 6.5 Fighting
 * Level 6.7 Axes
 - Level 3.2 Armour
 - Level 4.0 Shields


You had 7 spell levels left.
You didn't know any spells.
Your spell library was empty.

Dungeon Overview and Level Annotations

Branches:
Dungeon (5/15)
 Temple: D:4-7

Altars:

Shops:
D:2 !   D:3 ?


Innate Abilities, Weirdness & Mutations

You are a tree.
Your roots penetrate the ground, keeping you stationary.
You cannot be teleported.
You are immune to unholy pain and torment.
Your maximum health is greatly increased.
Your equipment is partially melded.
You cannot be hasted, slowed, berserked, paralysed or teleported.
You can dig through walls and to a lower floor.
((You have a pair of large antennae on your head. (SInv)))
Your four strong arms can wield two-handed weapons with a shield.


Message History

You slash the howler monkey!
The howler monkey is severely wounded.
You hit something. The howler monkey hits you.
* * * LOW HITPOINT WARNING * * *
The orc hits you but does no damage. Something hits you but does no damage.
The orc hits you from afar with a +0 trident.
* * * LOW HITPOINT WARNING * * *
The howler monkey hoots and howls with incredible vigour!
You hear a shout! x2
You slice the howler monkey!!
You kill the howler monkey!
You miss something. The orc hits you but does no damage.
You hear some strange, mumbled words.
A puff of flame appears from out of thin air!
The puff of flame hits you but does no damage.
The orc hits you from afar with a +0 trident.
* * * LOW HITPOINT WARNING * * *
The orc hits you but does no damage. x2; Something hits you but does no damage.
You have reached level 8!
You feel stronger.
You cannot move.
You cannot move.
You cannot move.
You cannot move.
You cannot move.
The orc hits you from afar with a +0 trident.
* * * LOW HITPOINT WARNING * * *
The orc throws a boomerang.
The boomerang hits you but does no damage.
Something hits you but does no damage. The orc hits you but does no damage.
The orc throws a boomerang.
You block the boomerang. Something hits you but does no damage.
Okay, then.
The orc hits you from afar with a +0 trident.
* * * LOW HITPOINT WARNING * * *
The orc hits you but does no damage.
You hear some strange, mumbled words.
A puff of flame appears from out of thin air!
The puff of flame hits you.
You die...

#...# ..#
##.#!..#.{
#....#...#.
##..#...#...
#####.....#...#.
#.......#o..#$.$
#.....){..#...#.
.##......♣)...#...
..........)o....#.
#....<..........
#.........######
#.........#
#.........#
#.........#
########.## #.#


You could see 2 orcs.

Vanquished Creatures
  Sigmund (D:3)
  A water moccasin (D:3)
  A scorpion (D:4)
  A howler monkey (D:5)
  A jelly (D:4)
  A hound (D:4)
  Jessica (D:3)
  An iguana (D:5)
  An orc wizard (D:5)
  4 adders
  7 gnolls
  2 ribbon worms
  A dart slug (D:4)
  9 orcs
  4 bats
  8 endoplasms
  3 giant cockroaches
  12 goblins
  5 hobgoblins
  10 jackals
  12 ball pythons
  6 frilled lizards
  9 kobolds
  10 rats
111 creatures vanquished.

Notes
Turn   | Place    | Note
-------+----------+-------------------------------------------
     0 | D:1      | lonewolfV2 the Formicid Fighter began the quest for the
                  | Orb.
     0 | D:1      | Reached XP level 1. HP: 18/18 MP: 1/1
   116 | D:1      | Reached XP level 2. HP: 24/24 MP: 2/2
   334 | D:1      | Reached XP level 3. HP: 25/30 MP: 3/3
  1399 | D:2      | Reached XP level 4. HP: 25/37 MP: 4/4
  1761 | D:2      | Found Ychifeun's Distillery.
  1978 | D:2      | Found a faded altar of an unknown god.
  1983 | D:2      | Noticed a great orb of eyes
  1983 | D:2      | Noticed an eye of devastation
  1984 | D:2      | Noticed an eye of devastation
  1984 | D:2      | Noticed a shining eye
  2264 | D:2      | Reached XP level 5. HP: 42/42 MP: 5/5
  2457 | D:3      | Noticed Jessica
  2461 | D:3      | Killed Jessica
  2674 | D:3      | Noticed Sigmund
  2686 | D:3      | Killed Sigmund
  2687 | D:3      | Reached skill level 5 in Fighting
  2687 | D:3      | Reached skill level 5 in Axes
  2687 | D:3      | Reached XP level 6. HP: 22/51 MP: 6/6
  2945 | D:3      | Found Imaoli's Magic Scroll Emporium.
  3103 | D:3      | Noticed a water moccasin
  3120 | D:3      | Killed a water moccasin
  3121 | D:3      | Reached XP level 7. HP: 19/57 MP: 7/7
  4587 | D:5      | Entered Level 5 of the Dungeon
  4618 | D:5      | Reached XP level 8. HP: 7/65 MP: 8/8
  4618 | D:5      | HP: 4/97 [orc/+0 trident (3)]
  4620 | D:5      | Killed from afar by an orc wizard

Illustrated notes

Levels and vault maps discovered:
D:1:      mrwooster_arrival_statue_2, layout_loops_ring, serial_park_tiny_2
D:2:      layout_basic, serial_forest, infiniplex_forest_clump_medium,
          infiniplex_forest_clump_small, infiniplex_forest_end_3,
          infiniplex_forest_lined_3, infiniplex_forest_clump_tiny,
          infiniplex_forest_clump_tiny, infiniplex_forest_3_way,
          infiniplex_forest_corner_2, hellmonk_ecumenical_altar_watching_god,
          serial_shops, shop, minmay_goblin_outpost
D:3:      kennysheep_six_static_rooms, layout_rooms, serial_shops,
          nicolae_shop_rolling_square, chequers_serial_rivers_room_b,
          uniq_jessica, uniq_sigmund
D:4:      layout_basic
D:5:      layout_loops_ring, gammafunk_temple_overflow_pools, minivault_19,
          hex_medium, minmay_misc_feat_encased

Skill      XL: |  1  2  3  4  5  6  7 |
---------------+----------------------+-----
Axes           | 3 4 5 6 |  6.7
Fighting       | 4 5 6 |  6.5
Armour         | |  3.2
Shields        | |  4.0

Action                     |  1- 3 |  4- 6 |  7- 9 || total
---------------------------+-------+-------+-------++-------
  Melee: War axe           |   106 |   123 |   116 ||   345
Ability: Dig               |     1 |     3 |       ||     4
    Use: Scroll            |     1 |     4 |     8 ||    13
         Potion            |     1 |       |     3 ||     4
 Armour: Scale mail        |    91 |    77 |    19 ||   187
         Plate armour      |       |       |   120 ||   120
         Skin              |       |       |    36 ||    36
  Dodge: Dodged            |    68 |    68 |    42 ||   178
  Block: Buckler           |    34 |    37 |    35 ||   106
